 Dungeon Crawl Stone Soup version 0.31-a0-187-gba352fbbf7 (webtiles) character file.

Game seed: 9552890875149562527

60 qw the Shooter (level 3, -3/20 HPs)
             Began as a Deep Elf Hunter on June 22, 2023.
             Slain by a gnoll
             ... wielding a +0 spear
              (5 damage)
             ... on level 2 of the Dungeon.
             The game lasted 00:00:25 (639 turns).

qw the Shooter (Deep Elf Hunter)                     Turns: 639, Time: 00:00:25

Health: -3/20      AC:  7    Str: 10    XL:     3   Next: 80%
Magic:  5/5        EV:  9    Int: 13    God:
Gold:   45         SH:  0    Dex: 18    Spells: 2/2 levels left

rFire   . . .        Y - +0 shortbow
rCold   . . .        (shield currently unavailable)
rNeg    . . .        g - +0 scale mail
rPois   .            (no helmet)
rElec   .            (no cloak)
rCorr   .            (no gloves)
SInv    .            i - +0 pair of boots
Will    .....        (no amulet)
Stlth   +            (no ring)
HPRegen 0.23/turn    (no ring)
MPRegen 0.09/turn

%: no passive effects
@: no status effects
A: no striking features
a: no special abilities


You were on level 2 of the Dungeon.
You visited 1 branch of the dungeon, and saw 2 of its levels.

You collected 45 gold pieces.


   Skills:
 - Level 1.5 Fighting
 + Level 7.3 Ranged Weapons
 - Level 2.4 Dodging
 - Level 1.2 Stealth


You had 2 spell levels left.
You didn't know any spells.
Your spell library was empty.

Inventory:

Hand Weapons
 Y - a +0 shortbow (weapon)
Armour
 a - a +0 helmet
 e - a +2 ring mail of cold resistance
 g - a +0 scale mail (worn)
 i - a +0 pair of boots (worn)
Scrolls
 b - a scroll of fear {unknown}
 c - a scroll of immolation {unknown}
 h - a scroll of revelation {unknown}
Potions
 d - a potion of might {unknown}
 f - a potion of heal wounds {unknown}

Dungeon Overview and Level Annotations

Branches:
Dungeon (2/15)

Altars:


Message History

You now have 45 gold pieces (gained 7).
A gnoll comes into view. It is wielding a +0 flail.
Enter note: You shoot an arrow.
The arrow hits the gnoll!
The gnoll is severely wounded.
An adder comes into view.
You shoot an arrow. The arrow hits the gnoll.
The gnoll is almost dead.
You shoot an arrow. The arrow hits the gnoll.
You kill the gnoll!
Your Ranged Weapons skill increases to level 7!
You shoot an arrow. The arrow hits the adder!
The adder is severely wounded.
You shoot an arrow. The arrow hits the adder.
You kill the adder!
h - a scroll labelled LAULIHUEWN A gnoll comes into view.
It is wielding a +0 spear.
The gnoll shouts!
A gnoll comes into view. It is wielding a +0 whip.
Enter note: You shoot an arrow.
The arrow hits the gnoll!
The gnoll is heavily wounded.
The gnoll closely misses you.
A gnoll comes into view. It is wielding a +1 heavy spear.
You shoot an arrow. The arrow closely misses the gnoll.
The gnoll hits you but does no damage.
You shoot an arrow. The arrow closely misses the gnoll.
The gnoll closely misses you.
The gnoll hits you from afar with a +1 heavy spear.
You shoot an arrow. The arrow hits the gnoll.
The gnoll is heavily wounded.
The gnoll hits you but does no damage. The gnoll closely misses you.
You shoot an arrow. The arrow closely misses the gnoll.
The gnoll hits you from afar with a +0 spear.
The gnoll hits you with a +0 whip! The gnoll hits you with a +0 whip.
The gnoll hits you but does no damage.
The gnoll hits you from afar with a +1 heavy spear.
You shoot an arrow. The arrow closely misses the gnoll.
The gnoll hits you from afar with a +0 spear.
You die...

.... ####### ....
.....(########## .....
........>......# .....
...............# ......
...........%...# #g.....
...............##.g.....
.............)..@g......
...............#####....
...............# #
...............#
.#.....###...###
######## ##### .... ####


You could see 3 gnolls.

Vanquished Creatures
  A gnoll (D:2)
  An adder (D:2)
  3 ball pythons (D:1)
  5 endoplasms
  3 giant cockroaches
  2 goblins (D:1)
  2 hobgoblins (D:1)
  3 jackals (D:1)
  3 kobolds (D:1)
  A quokka (D:1)
  6 bats
  4 frilled lizards (D:1)
  4 rats
38 creatures vanquished.

Notes
Turn   | Place    | Note
-------+----------+-------------------------------------------
     0 | D:1      | qw the Deep Elf Hunter began the quest for the Orb.
     0 | D:1      | Reached XP level 1. HP: 12/12 MP: 3/3
     0 | D:1      | 0 ||| qw: Version: 0.3-a-9-g12657ce
     0 | D:1      | 0 ||| qw: Game counter: 2215
     0 | D:1      | 0 ||| qw: Always use a shield: true
     0 | D:1      | 0 ||| qw: God list: Okawaru
     0 | D:1      | 0 ||| qw: Allow faded altars: false
     0 | D:1      | 0 ||| qw: Do Orc after D:15 true
     0 | D:1      | 0 ||| qw: Do second Lair branch before Depths: true
     0 | D:1      | 0 ||| qw: Lair rune preference: random
     0 | D:1      | 0 ||| qw: Plans: Normal
     0 | D:1      | 0 ||| PLANNING D:1-11
   129 | D:1      | Reached skill level 6 in Ranged Weapons
   129 | D:1      | Reached XP level 2. HP: 16/16 MP: 4/4
   276 | D:1      | Reached XP level 3. HP: 19/20 MP: 5/5
   494 | D:1      | 494 ||| UPGRADING to +0 scale mail.
   504 | D:1      | 504 ||| DROPPING +0 leather armour.
   505 | D:1      | 505 ||| UPGRADING to +0 pair of boots.
   510 | D:1      | 510 ||| READING scroll labelled GEREID YSKAJ.
   511 | D:1      | 511 ||| READING scroll labelled RUNYPY WETOSI.
   512 | D:1      | 512 ||| DROPPING scroll of butterflies.
   514 | D:1      | 514 ||| Stepping ~*~*~tactically~*~*~ (cloud).
   624 | D:2      | Reached skill level 7 in Ranged Weapons
   638 | D:2      | HP: 3/20 [gnoll/+0 whip (3)]
   639 | D:2      | Slain by a gnoll

Levels and vault maps discovered:
D:1:      wander_arrival_chamber, layout_rooms, minmay_circled_x
D:2:      layout_rooms, serial_shops, nicolae_shop_overgrown_old_shop,
          grunt_decor_arrowhead, patterned_corridor

Skill      XL: |  1  2  3 |
---------------+----------+-----
Ranged Weapons | 6 7 |  7.3
Fighting       | |  1.5
Dodging        | |  2.4
Stealth        | |  1.2

Action                     || total
---------------------------++-------
   Fire: Shortbow          ||   103
    Use: Scroll            ||     2
 Armour: Leather armour    ||    23
         Scale mail        ||     3
  Dodge: Dodged            ||    35

Table legend:
 A = Non-vault XP
 B = Vault XP
 C = Vault XP percentage of total XP
 D = Non-vault monster count
 E = Vault monster count
 F = Vault count percentage of total count
                 A         B        C        D         E       F
            +---------+---------+-------+---------+---------+-------
      Total |      78 |       8 |   9.3 |      34 |       4 |  10.5
            +---------+---------+-------+---------+---------+-------
        D:1 |      43 |       8 |  15.7 |      28 |       4 |  12.5
        D:2 |      35 |       0 |   0.0 |       6 |       0 |   0.0
            +---------+---------+-------+---------+---------+-------
